 Dungeon Crawl Stone Soup version 0.19.4-10-g532645f (webtiles) character file.

1542 Kosschaser the Bolt Thrower (level 9, -1/57 HPs)
             Began as a Kobold Hunter on Feb 23, 2017.
             Was a Follower of Dithmenos.
             Shot with an arrow by a centaur (11 damage)
             ... on level 8 of the Dungeon.
             The game lasted 00:35:19 (6677 turns).

Kosschaser the Bolt Thrower (Kobold Hunter)         Turns: 6677, Time: 00:35:21

Health: -1/57      AC:  4    Str: 11    XL:     9   Next: 11%
Magic:  9/9        EV: 17    Int: 12    God:    Dithmenos [*.....]
Gold:   302        SH:  0    Dex: 22    Spells: 0 memorised, 8 levels left

rFire  . . .     SeeInvis .     x - +0 rapier (venom)
rCold  . . .     Gourm    .     c - +0 leather armour
rNeg   . . .     Faith    +     (shield restricted)
rPois  .         Spirit   .     (no helmet)
rElec  .         Reflect  .     q - +0 cloak
rCorr  +         Harm     .     (no gloves)
MR     .....                    (no boots)
Stlth  ++++......               E - amulet of faith
                                A - ring of resist corrosion
                                j - +3 ring of dexterity

@: lethally poisoned (-1 -> -5), wreathed by umbra, drained
A: carnivore 3, robust 1, strong 1, sturdy frame 1
a: Renounce Religion


You were on level 8 of the Dungeon.
You worshipped Dithmenos.
Dithmenos was aware of your devotion.
You were very full.

You visited 2 branches of the dungeon, and saw 9 of its levels.

You collected 302 gold pieces.

Inventory:

Hand Weapons
 a - a +1 hand crossbow
 x - a +0 rapier of venom (weapon)
Missiles
 d - 11 bolts
Armour
 c - a +0 leather armour (worn)
 q - a +0 cloak (worn)
Jewellery
 j - a +3 ring of dexterity (left hand)
 n - an uncursed amulet of regeneration
 A - a ring of resist corrosion (right hand)
 B - an uncursed amulet of magic regeneration
 E - an amulet of faith (around neck)
Wands
 b - a wand of flame (9/48)
 y - a wand of iceblast (3/15)
Scrolls
 e - 2 scrolls of enchant armour
 g - 2 scrolls of magic mapping
 h - a scroll of fear {unknown}
 i - a scroll of fog {unknown}
 k - 2 scrolls of amnesia
 m - a scroll of recharging {unknown}
 o - a scroll of noise {unknown}
 p - 4 scrolls of teleportation
 s - 8 scrolls of remove curse
 t - a scroll of random uselessness {unknown}
 u - a scroll of immolation {unknown}
 w - a scroll of enchant weapon {unknown}
 C - a scroll of blinking {unknown}
Potions
 l - 2 potions of might
 r - a potion of flight {unknown}
 z - a potion of berserk rage {unknown}
 F - a potion of heal wounds {unknown}
Comestibles
 f - 6 meat rations
 v - 2 beef jerkies


   Skills:
 + Level 4.5(4.4) Fighting
 + Level 6.6(6.4) Short Blades
 + Level 7.9(7.8) Crossbows
 + Level 2.4(2.2) Armour
 + Level 4.2(4.0) Dodging
 * Level 7.6(7.4) Stealth


You had 8 spell levels left.
You didn't know any spells.

Dungeon Overview and Level Annotations

Branches:
Dungeon (8/15)             Temple (1/1) D:5
   Lair: D:8-11

Altars:
Cheibriados
Dithmenos
Elyvilon
Fedhas
Gozag
Hepliaklqana
Kikubaaqudgha
Makhleb
Nemelex Xobeh
Okawaru
Qazlal
Ru
Sif Muna
Trog
Xom
Yredelemnul
Zin
The Shining One

Annotations:
D:8 Prince Ribbit


Innate Abilities, Weirdness & Mutations

You are small and have problems with some larger weapons.
You are carnivorous and can eat meat at any time.
You are robust. (+10% HP)
Your muscles are strong. (Str +2)
Your movements are slightly less encumbered by armour. (ER -2)


Message History

Prince Ribbit blinks!
You hit the worker ant.
The worker ant is moderately wounded.
The worker ant bites you.
You are poisoned.
The worker ant poisons you!
You completely miss the worker ant.
The worker ant is moderately wounded.
You feel sick. The worker ant bites you.
You puncture the worker ant!
The worker ant is poisoned.
The worker ant is severely wounded.
You feel sick. The worker ant completely misses you.
You kill the worker ant!
Dithmenos accepts your kill.
The centaur shoots an arrow.
The arrow hits you!
* * * LOW HITPOINT WARNING * * *
The arrow freezes you.
* * * LOW HITPOINT WARNING * * *
The centaur shoots an arrow.
The arrow hits you!
You die...

..#######. ..
........>. >.
#......... ..
#.......# #.
######....a..# #.##
###....(Jc.....#
#..#
#<..#####)######
##.######^#######.#
.........%# #.!@.#
##....########.####
#..#.## #....
#..#..###..#
#.........#####
#....##.<.......
..##.########### ##
#.# #.


You could see a centaur.

Vanquished Creatures
  An ice beast (D:6)
  2 sky beasts
  A phantom (D:7)
  2 centaurs (D:7)
  A bullfrog (D:7)
  A wight (D:7)
  3 howler monkeys
  2 crimson imps (D:6)
  A bullfrog skeleton (D:6)
  An orc priest (D:6)
  Crazy Yiuf (D:7)
  2 hounds
  3 orc wizards
  5 worker ants
  Ijyb (D:3)
  An iguana (D:6)
  A hound skeleton (D:6)
  2 worker ant zombies
  4 gnolls
  12 adders
  3 shadow imps
  An adder skeleton (D:5)
  A worm (D:3)
  3 leopard geckos
  17 orcs
  10 giant cockroaches
  8 goblins
  6 hobgoblins
  17 jackals
  2 quokkas (D:4)
  2 ball pythons (D:2)
  7 bats
  7 frilled lizards
  12 kobolds
  A quokka skeleton (D:4)
  8 rats
152 creatures vanquished.

Notes
Turn   | Place    | Note
-------+----------+-------------------------------------------
     0 | D:1      | Kosschaser the Kobold Hunter began the quest for the Orb.
     0 | D:1      | Reached XP level 1. HP: 12/12 MP: 1/1
    56 | D:1      | Reached skill level 5 in Crossbows
    64 | D:1      | Reached XP level 2. HP: 17/17 MP: 2/2
   706 | D:2      | Found a blossoming altar of Fedhas.
   853 | D:2      | Reached XP level 3. HP: 21/21 MP: 3/3
   990 | D:2      | Found a white marble altar of Elyvilon.
  1009 | D:2      | Reached XP level 4. HP: 22/27 MP: 4/4
  1093 | D:2      | Reached skill level 1 in Short Blades
  1867 | D:2      | Reached XP level 5. HP: 31/31 MP: 5/5
  1929 | D:2      | Found an opulent altar of Gozag.
  2571 | D:3      | Reached skill level 1 in Armour
  2599 | D:3      | Noticed Ijyb
  2638 | D:3      | Killed Ijyb
  2638 | D:3      | Reached XP level 6. HP: 11/36 MP: 6/6
  3756 | D:4      | HP: 1/36 [orc priest/divine providence (16)]
  4043 | D:5      | Entered Level 5 of the Dungeon
  4073 | D:5      | Found a stormy altar of Qazlal.
  4222 | D:5      | Noticed a sky beast
  4239 | D:5      | Killed a sky beast
  4239 | D:5      | Reached XP level 7. HP: 27/41 MP: 7/7
  4247 | D:5      | Gained mutation: Your movements are slightly less encumbered by armour. (ER -2) [mutagenic meat]
  4248 | D:5      | Gained mutation: Your muscles are strong. (Str +2) [mutagenic meat]
  4250 | D:5      | Gained mutation: You are robust. (+10% HP) [mutagenic meat]
  4290 | D:5      | Found a staircase to the Ecumenical Temple.
  4297 | Temple   | Entered the Ecumenical Temple
  4336 | Temple   | Became a worshipper of Dithmenos the Shadowed
  4941 | D:6      | You fall through a shaft for 2 floors!
  5053 | D:7      | Reached skill level 5 in Stealth
  5187 | D:6      | Reached XP level 8. HP: 50/50 MP: 8/8
  5698 | D:7      | Reached skill level 5 in Short Blades
  5701 | D:7      | Reached * piety under Dithmenos
  6128 | D:7      | Found an opulent altar of Gozag.
  6245 | D:7      | Reached XP level 9. HP: 56/57 MP: 9/9
  6546 | D:7      | Found a runed door.
  6550 | D:7      | Noticed Crazy Yiuf
  6554 | D:7      | Killed Crazy Yiuf
  6663 | D:8      | Noticed Prince Ribbit
  6677 | D:8      | Shot with an arrow by a centaur

Skill      XL: |  1  2  3  4  5  6  7  8 |
---------------+-------------------------+-----
Crossbows      | 5 6 7 |  7.9
Stealth        | 2 3 4 5 7 |  7.6
Short Blades   | 1 2 3 6 |  6.6
Armour         | 1 2 |  2.4
Dodging        | 3 4 |  4.2
Fighting       | 3 4 |  4.5

Action                   |  1- 3 |  4- 6 |  7- 9 || total
-------------------------+-------+-------+-------++-------
Melee: Short sword       |    41 |       |       ||    41
       Rapier            |       |   129 |   196 ||   325
 Fire: Hand crossbow     |    38 |    81 |    43 ||   162
  Use: Scroll            |       |     3 |     3 ||     6
 Stab: Sleeping          |       |     6 |     8 ||    14
       Distracted        |       |     1 |     2 ||     3
  Eat: Chunk             |     5 |    12 |    12 ||    29
Armor: Leather armour    |    19 |    18 |    24 ||    61
Dodge: Dodged            |    33 |   109 |   162 ||   304
